 Dungeon Crawl Stone Soup version 0.31-a0-675-g238779eb0a (webtiles) character file.

Game seed: 8201724444890938363

167210 qw the Marksgargoyle (level 17, 0/122 HPs)
             Began as a Gargoyle Hunter on Sept 5, 2023.
             Was a Priest of Okawaru.
             Slain by a merfolk impaler
             ... wielding a +0 trident
             ... led by Ilsuiw
              (3 damage)
             ... on level 2 of the Shoals.
             The game lasted 00:16:39 (26629 turns).

qw the Marksgargoyle (Gargoyle Hunter)             Turns: 26629, Time: 00:16:40

Health: 0/122      AC: 26    Str: 12    XL:     17   Next: 92%
Magic:  8/8        EV: 29    Int: 10    God:    Okawaru [***...]
Gold:   1084       SH:  0    Dex: 25    Spells: 16/16 levels left

rFire   + . .        i - +5 longbow of Recklessness {antimagic, rElec rC+ Will++ Str-5}
rCold   + + .        (shield currently unavailable)
rNeg    + . .        c - +4 robe of Yredelemnul's Wrath {Drain rElec Regen+}
rPois   inf          w - +2 helmet
rElec   +            m - scarf {repulsion}
rCorr   .            p - +2 pair of gloves
SInv    .            (no boots)
Will    +++..        u - amulet of faith
Stlth   ++++         d - +6 ring of dexterity
HPRegen 1.20/turn    y - ring "Hocutt" {rF+ rC+}
MPRegen 0.11/turn

%: repel missiles, clarity, faith
@: about to teleport, heroic, engulfed, flying
A: sickness immunity, AC +12, big wings, negative energy resistance 1,
electricity resistance, torment resistance 1, petrification resistance, clarity
a: Renounce Religion, Heroism


You were on level 2 of the Shoals.
You worshipped Okawaru.
Okawaru was most pleased with you.
You visited 6 branches of the dungeon, and saw 29 of its levels.

You collected 2656 gold pieces.
You spent 1572 gold pieces at shops.


Innate Abilities, Weirdness & Mutations

You are immune to sickness and miasma.
Your stone body is resilient. (AC +12)
You are immune to poison.
Your large and strong wings let you fly.
You resist negative energy. (rN+)
You are resistant to electric shocks. (rElec)
You are resistant to unholy torment.
You are immune to petrification.
You possess an exceptional clarity of mind.


   Skills:
 - Level 19.0(24.0) Fighting
 - Level 20.0(25.0) Ranged Weapons
 + Level 5.5(10.5) Armour
 - Level 13.0(18.0) Dodging
 - Level 1.1(6.1) Stealth
 - Level 10.0 Invocations


You had 16 spell levels left.
You didn't know any spells.
Your spell library was empty.

Inventory:

Hand Weapons
 i - the +5 longbow of Recklessness (weapon) {antimagic, rElec rC+ Will++ Str-5}
   (Okawaru gifted it to you on level 1 of the Spider Nest)

   Str-5:     It affects your strength (-5).
   rC+:       It protects you from cold.
   rElec:     It insulates you from electricity.
   Will++:    It greatly increases your willpower.
 x - a +8 longbow
Armour
 c - the +4 robe of Yredelemnul's Wrath (worn) {Drain rElec Regen+}
   (You took it off an orc wizard on level 4 of the Dungeon)

   rElec:     It insulates you from electricity.
   Regen+:    It increases your rate of health regeneration.
   Drain:     It drains your maximum health when unequipped.
 f - a +0 cloak
 m - a scarf of repulsion (worn)
 p - a +2 pair of gloves (worn)
 v - a +2 robe of resistance
 w - a +2 helmet (worn)
Jewellery
 d - a +6 ring of dexterity (left hand)
 s - an amulet of reflection
 u - an amulet of faith (around neck)
 y - the ring "Hocutt" (right hand) {rF+ rC+}
   (You bought it in a shop on level 2 of the Orcish Mines)

   [ring of protection from fire]

   rF+:       It protects you from fire.
   rC+:       It protects you from cold.
 Y - a +4 ring of protection
Wands
 r - a wand of digging (3)
Scrolls
 a - 2 scrolls of teleportation
 e - 12 scrolls of identify
 k - a scroll of enchant armour
Potions
 b - 9 potions of haste
 g - 5 potions of enlightenment
 h - 10 potions of curing
 j - a potion of magic
 l - 4 potions of might
 o - 2 potions of resistance
 q - 6 potions of mutation

Dungeon Overview and Level Annotations

Branches:
Dungeon (15/15)            Temple (1/1) D:6            Lair (5/5) D:9
 Shoals (3/4) Lair:3       Spider (3/4) Lair:2        Slime (0/5) Lair:5
    Orc (2/2) D:12            Elf (0/3) Orc:2        Vaults (0/5) D:13
 Depths (0/4) D:15

Altars:
Ashenzari
Cheibriados
Dithmenos
Elyvilon
Fedhas
Gozag
Hepliaklqana
Kikubaaqudgha
Makhleb
Nemelex Xobeh
Okawaru
Qazlal
Ru
Sif Muna
Trog
Uskayaw
Vehumet
Wu Jian
Xom
Yredelemnul
Zin
The Shining One

Shops:
D:8 (   D:10 *   D:12 :   Orc:1 ?   Orc:2 *=![*

Portals:
Pandemonium: Orc:2
Trove: D:12 (give 7 potions of haste)

Annotations:
D:5 1 runed translucent door
D:8 2 transporters, qw's ghost, novice DEHu
Shoals:2 Ilsuiw


Message History

The merfolk impaler misses you.
You shoot an arrow.
The arrow closely misses the merfolk impaler.
Something barely misses you.
The merfolk impaler completely misses you.
The merfolk impaler hits you from afar with a +2 trident of venom!
26625 ||| READING 3 scrolls of teleportation.
As you read the scroll of teleportation, it crumbles to dust.
You feel strangely unstable. The death yak closely misses you.
The water elemental misses you. The water elemental hits you.
The water elemental engulfs you in water!
The merfolk impaler completely misses you. x2
Something hits you but does no damage.
The merfolk impaler completely misses you.
You shoot an arrow. The arrow misses the merfolk impaler.
The death yak gores you!! The merfolk impaler closely misses you.
The water elemental misses you. x2
The merfolk impaler completely misses you.
Something hits you but does no damage.
The merfolk impaler completely misses you.
You shoot an arrow. The arrow hits the merfolk impaler!
The merfolk impaler is moderately wounded.
The merfolk hits you but does no damage.
The death yak misses you. The water elemental closely misses you.
The water elemental completely misses you.
The merfolk impaler completely misses you.
The merfolk impaler hits you from afar with a +2 trident of venom.
You shoot an arrow. The arrow hits the merfolk impaler!
The merfolk impaler is heavily wounded.
Something hits you but does no damage. The merfolk impaler closely misses you.
The merfolk siren chants a haunting song.
You are unaffected.
The merfolk misses you.
The merfolk impaler completely misses you.
The death yak completely misses you.
You shoot an arrow. The arrow hits the merfolk impaler!!
The merfolk impaler is almost dead.
The water elemental completely misses you. x2
The merfolk impaler hits you with a +0 trident.
You die...

##.~~..~~~~~..~~~~~..~~~~~~~~~~~~
...~~~~~~~~....~~~.....~~~~~~~~~~
~~~~~~~~~~~....~~~.##..~~~~~~~~~.
~~.~~~~~~~.~...~...##..~~~~~~<.~.
~~~~~~~~~~~...>.......~~~~~~~....
~~~~~~~~~~~...........~~~~~~~....
~~~~~~~~~~~.mm.###....~~~~~~~~..$
~~~~~~~~....##m###...~~~~~~~~~~..
~~~~~....#####m{@E...~~~~~~~~~...
~~~~.##### ##mYE.....~~~~~~~~..
~~P.## #######..E.......~~~~~~~~.
~P~P# #.%.##.<........~~~~~~~~~.
~~~P# #....[..........~~~~~~~~~.
~~~P# #..~~~~.~~......~~~~ ~~P##
##..~~~~~..###...~~ ~~~.##
##..~~~~~..# ...~
~~~..###.~~~~~~~~~~~


You could see a merfolk avatar, 2 merfolk impalers, a death yak, a merfolk, 3
water elementals and a merfolk siren.

Vanquished Creatures
  Mlioglotl (Shoals:3)
  2 krakens (Shoals:1)
  Polyphemus (Shoals:2)
  Kirke (D:14)
  Donald (Shoals:2)
  Agnes (D:15)
  A ghost moth (Spider:1)
  An emperor scorpion (Spider:2)
  An ironbound thunderhulk (D:13)
  2 spark wasps
  Snorg (D:10)
  2 ettins
  2 merfolk impalers (Shoals:1)
  Fannar (D:10)
  An entropy weaver (Spider:2)
  8 hydras
  2 ogre magi (D:15)
  3 catoblepae
  10 jorogumos (Spider:2)
  2 demonspawn (Orc:2)
  2 radroaches (Spider:2)
  A merfolk avatar (Lair:5)
  An alligator snapping turtle (Shoals:3)
  5 centaur warriors
  5 boulder beetles
  14 two-headed ogres
  3 tengu warriors (D:15)
  8 death yaks
  7 orc high priests (Orc:2)
  5 demonic crawlers
  Sonja (Lair:3)
  A sun demon (Orc:2)
  4 skysharks
  4 sun moths
  4 pharaoh ants
  4 sea snakes
  A wizard (D:15)
  An orange crystal statue (D:10)
  5 orb spiders
  5 ugly things (D:14)
  4 orc knights (Orc:2)
  A deep elf pyromancer (D:13)
  2 steelbarb worms (Spider:2)
  7 wolf spiders
  8 harpies
  13 manticores
  8 orc sorcerers
  5 cyclopes
  9 fauns (Shoals:1)
  2 moths of wrath
  A smoke demon (Orc:2)
  A black mamba (shapeshifter) (D:15)
  4 slime creatures
  18 elephants
  3 torpor snails
  5 water nymphs
  2 black mambas
  3 merfolk sirens
  12 cane toads
  5 rime drakes (Lair:5)
  A yaktaur (D:15)
  10 komodo dragons
  2 tengu conjurers (D:15)
  An ice devil (Orc:2)
  11 trolls
  9 meliai
  2 wind drakes
  A red devil (Orc:2)
  5 merfolk
  3 polar bears
  20 tarantellas
  3 hornets
  Grinder (D:5)
  17 dream sheep
  9 blink frogs
  2 snapping turtles
  A shadow (D:10)
  38 jumping spiders
  15 culicivoras
  2 water elementals (Shoals:1)
  A vampire (D:10)
  2 wraiths
  4 humans (D:13)
  52 yaks
  2 steam dragons (Lair:5)
  3 basilisks
  3 hogs (D:14)
  A chaos spawn (Orc:2)
  30 redbacks
  5 wyverns
  3 vampire mosquitoes (D:12)
  5 wargs
  13 water moccasins
  An ice beast (D:5)
  20 orc warriors
  A sky beast (D:6)
  6 black bears
  2 ogres
  5 centaurs
  12 wolves
  7 bullfrogs
  3 kobold brigands
  4 scorpions
  2 gnoll sergeants (D:8)
  5 wights (D:8)
  11 electric eels
  3 howler monkeys
  A vampire bat (Orc:1)
  A hound (D:5)
  3 jellies
  20 orc priests
  2 sleepcaps
  4 iguanas
  10 hell rats
  8 orc wizards
  11 gnolls (D:8)
  4 adders
  13 white imps
  4 worms
  A dart slug (D:4)
  42 orcs
  5 ball pythons
  13 bats
  11 endoplasms
  2 giant cockroaches
  A goblin (D:1)
  12 hobgoblins
  3 jackals (D:4)
  29 kobolds
  5 quokkas
  6 frilled lizards
  4 rats (D:1)
  2 tentacles (Shoals:1)
814 creatures vanquished.

Vanquished Creatures (others)
  A blink frog (Lair:5)
  A jumping spider (Spider:2)
  An orc wizard (D:6)
  8 tentacles (Shoals:1)
11 creatures vanquished.

Grand Total: 825 creatures vanquished

Notes
Turn   | Place    | Note
-------+----------+-------------------------------------------
     0 | D:1      | qw the Gargoyle Hunter began the quest for the Orb.
     0 | D:1      | Reached XP level 1. HP: 12/12 MP: 1/1
     0 | D:1      | 0 ||| qw: Version: 0.3-a-75-g829b12e
     0 | D:1      | 0 ||| qw: Game counter: 78
     0 | D:1      | 0 ||| qw: Melee chars always use a shield: true
     0 | D:1      | 0 ||| qw: God list: Okawaru
     0 | D:1      | 0 ||| qw: Allow faded altars: false
     0 | D:1      | 0 ||| qw: Do Orc after clearing Dungeon:15 true
     0 | D:1      | 0 ||| qw: Do second Lair branch before Depths: true
     0 | D:1      | 0 ||| qw: Lair rune preference: random
     0 | D:1      | 0 ||| qw: Goals: Normal
     0 | D:1      | 0 ||| PLANNING D:1-11
    58 | D:1      | Reached XP level 2. HP: 13/17 MP: 2/2
   299 | D:1      | Reached XP level 3. HP: 21/21 MP: 3/3
   377 | D:1      | Reached skill level 5 in Ranged Weapons
   484 | D:1      | 484 ||| READING scroll labelled SIM IRPHIAFA.
   485 | D:1      | 485 ||| READING 2 scrolls labelled FYLOLUMUEP.
   486 | D:1      | 486 ||| READING 2 scrolls labelled XUROMODALU.
   487 | D:1      | 487 ||| DROPPING scroll of butterflies.
   488 | D:1      | 488 ||| DROPPING scroll of fear.
   710 | D:2      | Reached skill level 3 in Fighting
   821 | D:2      | Reached XP level 4. HP: 26/28 MP: 4/4
  1076 | D:2      | 1076 ||| READING 3 scrolls labelled GECYRGH KEEDAGH.
  1077 | D:2      | 1077 ||| DRINKING 2 inky potions.
  1078 | D:2      | 1078 ||| DROPPING 2 scrolls of vulnerability.
  1468 | D:3      | Noticed a +0 spear
  1468 | D:3      | Noticed a +0 dagger
  1470 | D:3      | Noticed a +0 short sword
  1470 | D:3      | Noticed a +0 spear
  1560 | D:3      | Noticed a +0 dagger
  1560 | D:3      | Noticed a +0 falchion
  1560 | D:3      | Noticed a +0 falchion
  1561 | D:3      | Noticed a +0 short sword
  1571 | D:3      | Found a hide-covered altar of Uskayaw.
  1759 | D:3      | 1759 ||| UPGRADING to +0 ring mail.
  1769 | D:3      | 1769 ||| DROPPING +0 leather armour.
  1770 | D:3      | 1770 ||| UPGRADING to +2 ring mail of cold resistance.
  1780 | D:3      | 1780 ||| DROPPING +0 ring mail.
  1781 | D:3      | 1781 ||| READING 2 scrolls labelled ILEFOGH OJEL.
  1785 | D:3      | 1785 ||| READING scroll labelled PACZAT CYUS.
  1785 | D:3      | Identified a scroll of acquirement
  1785 | D:3      | 1785 ||| ACQUIRING +3 orcbow of electrocution
  1785 | D:3      | Acquired a +3 orcbow of electrocution
  1787 | D:3      | 1787 ||| SWAPPING to +3 orcbow of electrocution.
  1788 | D:3      | 1788 ||| DROPPING +0 shortbow.
  1789 | D:3      | 1789 ||| READING scroll labelled HUTTAECOXE.
  1790 | D:3      | 1790 ||| DRINKING 2 bubbling black potions.
  1850 | D:4      | Noticed a scorpion
  1858 | D:4      | Killed a scorpion
  1859 | D:4      | Reached XP level 5. HP: 32/32 MP: 5/5
  1930 | D:4      | Identified the +4 robe of Yredelemnul's Wrath {Drain rElec
                  | Regen+}
  1959 | D:4      | HP: 6/32 [orc wizard/puff of flame (5)]
  1960 | D:4      | 1960 ||| DRINKING potion of curing.
  1960 | D:4      | 1960 ||| (to cure confusion)
  1964 | D:4      | Reached skill level 6 in Ranged Weapons
  2225 | D:4      | Reached XP level 6. HP: 37/37 MP: 6/6
  2720 | D:4      | 2720 ||| UPGRADING to +4 robe of Yredelemnul's Wrath {Drain
                  | rElec Regen+}.
  2730 | D:4      | 2730 ||| DROPPING +2 ring mail of cold resistance.
  2731 | D:4      | 2731 ||| UPGRADING to +6 ring of dexterity.
  2732 | D:4      | 2732 ||| READING scroll labelled TEFAUG EWKAGE.
  2733 | D:4      | 2733 ||| READING scroll labelled PYNAENG TELOCS.
  2740 | D:5      | Entered Level 5 of the Dungeon
  2753 | D:5      | Noticed a troll
  2756 | D:5      | Killed a troll
  2757 | D:5      | Reached skill level 3 in Dodging
  2757 | D:5      | Reached XP level 7. HP: 43/43 MP: 7/7
  2855 | D:5      | Found a runed translucent door.
  2896 | D:5      | Reached skill level 7 in Ranged Weapons
  2898 | D:5      | Noticed Grinder
  2899 | D:5      | 2899 ||| RETREATING.
  2912 | D:5      | Reached XP level 8. HP: 48/48 MP: 8/8
  2923 | D:5      | Killed Grinder
  2924 | D:5      | Reached skill level 8 in Ranged Weapons
  2964 | D:5      | 2964 ||| READING scroll of enchant weapon.
  2964 | D:5      | 2964 ||| ENCHANTING +4 orcbow of electrocution.
  2983 | D:5      | Found a glowing silver altar of Zin.
  3231 | D:5      | 3231 ||| READING scroll labelled ROBYXI QAKA.
  3232 | D:5      | 3232 ||| READING 5 scrolls of identify.
  3232 | D:5      | 3232 ||| IDENTIFYING fuming dark potion
  3292 | D:6      | Found a snail-covered altar of Cheibriados.
  3298 | D:6      | Reached skill level 9 in Ranged Weapons
  3377 | D:6      | Identified the +1 quarterstaff "Killer Bee's Regret"
                  | {speed, Str+2}
  3469 | D:6      | Found a staircase to the Ecumenical Temple.
  3470 | D:6      | 3470 ||| PLANNING TEMPLE
  3474 | D:6      | Reached skill level 6 in Fighting
  3488 | D:6      | Reached XP level 9. HP: 51/55 MP: 9/9
  3492 | D:6      | 3492 ||| UPGRADING to +0 cloak.
  3497 | D:6      | 3497 ||| DRINKING 2 grey potions.
  3500 | D:6      | 3500 ||| DROPPING potion of ambrosia.
  3509 | Temple   | Entered the Ecumenical Temple
  3510 | Temple   | 3510 ||| PLANNING OKAWARU WORSHIP
  3525 | Temple   | Became a worshipper of Warmaster Okawaru
  3526 | Temple   | 3526 ||| PLANNING D:1-11
  3563 | D:6      | Found a burning altar of Makhleb.
  4115 | D:7      | Reached skill level 10 in Ranged Weapons
  4153 | D:7      | Found a flagged portal.
  4161 | D:7      | Identified the +9 halberd of Blind Justice {pain, rPois
                  | Str+4}
  4317 | D:7      | Found a shimmering blue altar of Sif Muna.
  4322 | D:7      | Found a stormy altar of Qazlal.
  4443 | D:7      | Identified the +8 rapier of Conformity {freeze, rC+}
  4706 | D:7      | 4706 ||| READING scroll of enchant weapon.
  4706 | D:7      | 4706 ||| ENCHANTING +5 orcbow of electrocution.
  5042 | D:7      | 5042 ||| DRINKING 2 bubbling pink potions.
  5043 | D:7      | 5043 ||| DRINKING 2 pink potions.
  5044 | D:7      | 5044 ||| DROPPING potion of degeneration.
  5202 | D:8      | 5202 ||| Stepping ~*~*~tactically~*~*~ (outnumbered).
  5311 | D:8      | Identified the +0 robe of Hawnupep {Slay+3}
  5366 | D:8      | 5366 ||| RETREATING.
  5410 | D:8      | Reached * piety under Okawaru
  5464 | D:8      | Found Wuezage's Weapon Emporium.
  5509 | D:8      | 5509 ||| INVOKING Heroism.
  5557 | D:8      | Found a transporter.
  5574 | D:8      | Found a transporter.
  5578 | D:8      | Noticed qw's ghost (novice DEHu)
  5812 | D:8      | Reached skill level 11 in Ranged Weapons
  5812 | D:8      | Reached skill level 1 in Invocations
  5965 | D:8      | 5965 ||| UPGRADING to +0 helmet.
  5970 | D:8      | 5970 ||| UPGRADING to +4 ring of protection.
  5971 | D:8      | 5971 ||| READING scroll labelled QUWNYF QOGEFE.
  6002 | D:9      | 6002 ||| Stepping ~*~*~tactically~*~*~ (outnumbered).
  6005 | D:9      | 6005 ||| FLEEEEING.
  6007 | D:9      | 6007 ||| FLEEEEING.
  6023 | D:9      | Found a staircase to the Lair.
  6229 | D:9      | Reached skill level 3 in Invocations
  6229 | D:9      | Reached XP level 10. HP: 64/64 MP: 12/12
  6278 | D:9      | Found a basalt altar of Yredelemnul.
  6344 | D:9      | 6344 ||| Stepping ~*~*~tactically~*~*~ (retreating).
  6349 | D:9      | 6349 ||| INVOKING Heroism.
  6356 | D:9      | Noticed a two-headed ogre
  6360 | D:9      | Killed a two-headed ogre
  6360 | D:9      | Reached ** piety under Okawaru
  6489 | D:9      | Found a white marble altar of Elyvilon.
  6498 | D:9      | 6498 ||| PLANNING LAIR
  6498 | D:9      | 6498 ||| READING scroll labelled KEOTAI BOXIE.
  6499 | D:9      | 6499 ||| READING 7 scrolls of identify.
  6499 | D:9      | 6499 ||| IDENTIFYING bubbling ruby potion
  6500 | D:9      | 6500 ||| DROPPING potion of attraction.
  6576 | Lair:1   | Entered Level 1 of the Lair of Beasts
  6605 | Lair:1   | Reached skill level 12 in Ranged Weapons
  6626 | Lair:1   | 6626 ||| RETREATING.
  6637 | Lair:1   | 6637 ||| RETREATING.
  6641 | Lair:1   | 6641 ||| INVOKING Heroism.
  6642 | Lair:1   | 6642 ||| RETREATING.
  6665 | Lair:1   | 6665 ||| FLEEEEING.
  6674 | Lair:1   | Reached *** piety under Okawaru
  6679 | Lair:1   | 6679 ||| RETREATING.
  6681 | Lair:1   | 6681 ||| Stepping ~*~*~tactically~*~*~ (retreating).
  6682 | Lair:1   | 6682 ||| Stepping ~*~*~tactically~*~*~ (retreating).
  6683 | Lair:1   | 6683 ||| Stepping ~*~*~tactically~*~*~ (retreating).
  6684 | Lair:1   | 6684 ||| Stepping ~*~*~tactically~*~*~ (retreating).
  6704 | Lair:1   | Noticed a cane toad
  6705 | Lair:1   | 6705 ||| Stepping ~*~*~tactically~*~*~ (retreating).
  6706 | Lair:1   | 6706 ||| INVOKING Heroism.
  6719 | Lair:1   | Reached skill level 13 in Ranged Weapons
  6721 | Lair:1   | Killed a cane toad
  6722 | Lair:1   | Reached XP level 11. HP: 36/69 MP: 12/14
  6756 | Lair:1   | Reached **** piety under Okawaru
  6757 | Lair:1   | Reached skill level 9 in Fighting
  6862 | Lair:1   | 6862 ||| INVOKING Heroism.
  6889 | Lair:1   | 6889 ||| INVOKING Heroism.
  6890 | Lair:1   | 6890 ||| RETREATING.
  6891 | Lair:1   | 6891 ||| Stepping ~*~*~tactically~*~*~ (retreating).
  6892 | Lair:1   | 6892 ||| Stepping ~*~*~tactically~*~*~ (retreating).
  6893 | Lair:1   | 6893 ||| Stepping ~*~*~tactically~*~*~ (retreating).
  6894 | Lair:1   | 6894 ||| Stepping ~*~*~tactically~*~*~ (retreating).
  6895 | Lair:1   | 6895 ||| Stepping ~*~*~tactically~*~*~ (retreating).
  6896 | Lair:1   | 6896 ||| Stepping ~*~*~tactically~*~*~ (retreating).
  6897 | Lair:1   | 6897 ||| Stepping ~*~*~tactically~*~*~ (retreating).
  6965 | Lair:1   | 6965 ||| INVOKING Heroism.
  6993 | Lair:1   | 6993 ||| INVOKING Heroism.
  7225 | Lair:1   | 7225 ||| INVOKING Heroism.
  7416 | Lair:1   | 7416 ||| DROPPING ring of positive energy.
  7417 | Lair:1   | 7417 ||| READING 8 scrolls of identify.
  7417 | Lair:1   | 7417 ||| IDENTIFYING sapphire potion
  7443 | Lair:2   | Reached skill level 14 in Ranged Weapons
  7447 | Lair:2   | 7447 ||| RETREATING.
  7449 | Lair:2   | 7449 ||| RETREATING.
  7473 | Lair:2   | 7473 ||| INVOKING Heroism.
  7511 | Lair:2   | 7511 ||| READING scroll of enchant weapon.
  7511 | Lair:2   | 7511 ||| ENCHANTING +6 orcbow of electrocution.
  7534 | Lair:2   | Noticed a six-headed hydra
  7535 | Lair:2   | 7535 ||| INVOKING Heroism.
  7540 | Lair:2   | Killed a six-headed hydra
  7541 | Lair:2   | Reached skill level 6 in Invocations
  7698 | Lair:2   | 7698 ||| INVOKING Heroism.
  7704 | Lair:2   | Received a gift from Okawaru
  7705 | Lair:2   | Reached skill level 6 in Dodging
  7878 | Lair:2   | 7878 ||| RETREATING.
  7888 | Lair:2   | 7888 ||| Stepping ~*~*~tactically~*~*~ (retreating).
  7889 | Lair:2   | 7889 ||| Stepping ~*~*~tactically~*~*~ (retreating).
  7890 | Lair:2   | 7890 ||| Stepping ~*~*~tactically~*~*~ (retreating).
  7891 | Lair:2   | 7891 ||| INVOKING Heroism.
  7913 | Lair:2   | Reached XP level 12. HP: 60/77 MP: 15/17
  7952 | Lair:2   | Noticed a six-headed hydra
  7953 | Lair:2   | 7953 ||| RETREATING.
  7954 | Lair:2   | Reached ***** piety under Okawaru
  7983 | Lair:2   | 7983 ||| INVOKING Heroism.
  7996 | Lair:2   | Killed a six-headed hydra
  8064 | Lair:2   | 8064 ||| UPGRADING to scarf of repulsion.
  8066 | Lair:2   | 8066 ||| UPGRADING to scarf of repulsion.
  8067 | Lair:2   | 8067 ||| UPGRADING to scarf of repulsion.
  8074 | Lair:2   | 8074 ||| UPGRADING to +0 cloak.
  8079 | Lair:2   | 8079 ||| UPGRADING to scarf of repulsion.
  8173 | Lair:2   | 8173 ||| UPGRADING to +0 pair of gloves.
  8365 | Lair:2   | Found a hole to the Spider Nest.
  8623 | Lair:2   | 8623 ||| UPGRADING to amulet of regeneration.
  8628 | Lair:2   | 8628 ||| READING 7 scrolls of identify.
  8628 | Lair:2   | 8628 ||| IDENTIFYING ruby potion
  8740 | Lair:3   | Noticed a seven-headed hydra
  8741 | Lair:3   | 8741 ||| INVOKING Heroism.
  8749 | Lair:3   | Killed a seven-headed hydra
  8799 | Lair:3   | 8799 ||| RETREATING.
  8805 | Lair:3   | 8805 ||| RETREATING.
  8806 | Lair:3   | 8806 ||| Stepping ~*~*~tactically~*~*~ (retreating).
  8807 | Lair:3   | 8807 ||| Stepping ~*~*~tactically~*~*~ (retreating).
  8808 | Lair:3   | 8808 ||| Stepping ~*~*~tactically~*~*~ (retreating).
  8809 | Lair:3   | 8809 ||| Stepping ~*~*~tactically~*~*~ (retreating).
  8810 | Lair:3   | 8810 ||| Stepping ~*~*~tactically~*~*~ (retreating).
  8811 | Lair:3   | 8811 ||| INVOKING Heroism.
  8827 | Lair:3   | Received a gift from Okawaru
  8828 | Lair:3   | Reached skill level 9 in Invocations
  8909 | Lair:3   | 8909 ||| Stepping ~*~*~tactically~*~*~ (outnumbered).
  8928 | Lair:3   | Found a staircase to the Shoals.
  9028 | Lair:3   | 9028 ||| RETREATING.
  9050 | Lair:3   | Received a gift from Okawaru
  9051 | Lair:3   | Reached skill level 15 in Ranged Weapons
  9191 | Lair:3   | Found a dark tunnel.
  9237 | Lair:3   | 9237 ||| Stepping ~*~*~tactically~*~*~ (retreating).
  9238 | Lair:3   | 9238 ||| Stepping ~*~*~tactically~*~*~ (retreating).
  9239 | Lair:3   | 9239 ||| Stepping ~*~*~tactically~*~*~ (retreating).
  9240 | Lair:3   | 9240 ||| Stepping ~*~*~tactically~*~*~ (retreating).
  9244 | Lair:3   | 9244 ||| Stepping ~*~*~tactically~*~*~ (retreating).
  9547 | Lair:3   | 9547 ||| READING scroll labelled IRIOFO QYB BUE.
  9548 | Lair:3   | 9548 ||| READING scroll labelled NIEPYW DIADGH.
  9649 | Lair:3   | 9649 ||| DRINKING 2 bubbling sapphire potions.
  9649 | Lair:3   | Gained mutation: You possess an exceptional clarity of
                  | mind. [potion of mutation]
  9670 | Lair:4   | 9670 ||| INVOKING Heroism.
  9671 | Lair:4   | 9671 ||| STAIRDANCE
  9685 | Lair:4   | 9685 ||| STAIRDANCE
  9698 | Lair:4   | 9698 ||| STAIRDANCE
  9709 | Lair:4   | 9709 ||| STAIRDANCE
  9711 | Lair:3   | 9711 ||| INVOKING Heroism.
  9729 | Lair:4   | 9729 ||| STAIRDANCE
  9741 | Lair:4   | 9741 ||| STAIRDANCE
  9746 | Lair:3   | Reached XP level 13. HP: 79/82 MP: 20/20
  9750 | Lair:4   | 9750 ||| STAIRDANCE
  9763 | Lair:4   | 9763 ||| STAIRDANCE
  9769 | Lair:3   | Reached skill level 16 in Ranged Weapons
  9779 | Lair:4   | 9779 ||| INVOKING Heroism.
  9781 | Lair:4   | 9781 ||| STAIRDANCE
  9959 | Lair:4   | 9959 ||| INVOKING Heroism.
  9962 | Lair:4   | 9962 ||| RETREATING.
  9980 | Lair:4   | 9980 ||| RETREATING.
 10021 | Lair:4   | 10021 ||| DROPPING +6 ring of strength.
 10048 | Lair:3   | Noticed Sonja
 10049 | Lair:3   | 10049 ||| INVOKING Heroism.
 10052 | Lair:3   | 10052 ||| INVOKING Finesse.
 10053 | Lair:3   | 10053 ||| READING 4 scrolls of teleportation.
 10057 | Lair:3   | 10057 ||| Stepping ~*~*~tactically~*~*~ (retreating).
 10261 | Lair:4   | 10261 ||| READING scroll of enchant weapon.
 10261 | Lair:4   | 10261 ||| ENCHANTING +7 orcbow of electrocution.
 10271 | Lair:4   | 10271 ||| INVOKING Heroism.
 10277 | Lair:4   | Reached skill level 3 in Armour
 10299 | Lair:4   | 10299 ||| INVOKING Heroism.
 10462 | Lair:5   | Entered Level 5 of the Lair of Beasts
 10463 | Lair:5   | 10463 ||| RETREATING.
 10465 | Lair:5   | 10465 ||| Stepping ~*~*~tactically~*~*~ (retreating).
 10466 | Lair:5   | 10466 ||| Stepping ~*~*~tactically~*~*~ (retreating).
 10467 | Lair:5   | 10467 ||| Stepping ~*~*~tactically~*~*~ (retreating).
 10468 | Lair:5   | 10468 ||| INVOKING Heroism.
 10470 | Lair:5   | 10470 ||| Stepping ~*~*~tactically~*~*~ (retreating).
 10471 | Lair:5   | 10471 ||| Stepping ~*~*~tactically~*~*~ (retreating).
 10472 | Lair:5   | 10472 ||| Stepping ~*~*~tactically~*~*~ (retreating).
 10562 | Lair:5   | 10562 ||| Stepping ~*~*~tactically~*~*~ (water).
 10563 | Lair:5   | 10563 ||| RETREATING.
 10565 | Lair:5   | 10565 ||| INVOKING Heroism.
 10567 | Lair:5   | Reached skill level 12 in Fighting
 10574 | Lair:5   | 10574 ||| Stepping ~*~*~tactically~*~*~ (water).
 10597 | Lair:5   | Received a gift from Okawaru
 10615 | Lair:5   | 10615 ||| INVOKING Heroism.
 10689 | Lair:5   | 10689 ||| INVOKING Heroism.
 10765 | Lair:5   | 10765 ||| INVOKING Heroism.
 10785 | Lair:5   | 10785 ||| Stepping ~*~*~tactically~*~*~ (water).
 10787 | Lair:5   | 10787 ||| Stepping ~*~*~tactically~*~*~ (water).
 10789 | Lair:5   | 10789 ||| Stepping ~*~*~tactically~*~*~ (water).
 10791 | Lair:5   | 10791 ||| Stepping ~*~*~tactically~*~*~ (water).
 10793 | Lair:5   | 10793 ||| Stepping ~*~*~tactically~*~*~ (water).
 10795 | Lair:5   | 10795 ||| Stepping ~*~*~tactically~*~*~ (water).
 10798 | Lair:5   | 10798 ||| Stepping ~*~*~tactically~*~*~ (cloud).
 10829 | Lair:5   | 10829 ||| INVOKING Heroism.
 10862 | Lair:5   | Found a staircase to the Slime Pits.
 10889 | Lair:5   | Gained mutation: Your large and strong wings let you fly.
                  | [Gargoyle growth]
 10889 | Lair:5   | Reached XP level 14. HP: 94/94 MP: 21/21
 11004 | Lair:5   | Reached skill level 9 in Dodging
 11053 | Lair:5   | 11053 ||| RETREATING.
 11059 | Lair:5   | 11059 ||| INVOKING Heroism.
 11060 | Lair:5   | 11060 ||| INVOKING Finesse.
 11114 | Lair:5   | 11114 ||| INVOKING Heroism.
 11115 | Lair:5   | 11115 ||| INVOKING Finesse.
 11172 | Lair:5   | 11172 ||| INVOKING Heroism.
 11232 | Lair:5   | 11232 ||| RETREATING.
 11403 | Lair:5   | 11403 ||| INVOKING Heroism.
 11573 | Lair:5   | 11573 ||| READING scroll of enchant weapon.
 11573 | Lair:5   | 11573 ||| ENCHANTING +8 orcbow of electrocution.
 11623 | Lair:5   | 11623 ||| PLANNING D:1-11
 11623 | Lair:5   | 11623 ||| DROPPING ring of ice.
 11624 | Lair:5   | 11624 ||| READING scroll labelled UROM KIJYO.
 11625 | Lair:5   | 11625 ||| DRINKING 2 clear potions.
 11626 | Lair:5   | 11626 ||| DRINKING 2 metallic pink potions.
 11627 | Lair:5   | 11627 ||| DROPPING potion of brilliance.
 11706 | D:10     | Entered Level 10 of the Dungeon
 11706 | D:10     | Noticed Snorg
 11707 | D:10     | 11707 ||| INVOKING Heroism.
 11717 | D:10     | Killed Snorg
 11839 | D:10     | 11839 ||| INVOKING Heroism.
 11849 | D:10     | 11849 ||| Stepping ~*~*~tactically~*~*~ (retreating).
 11850 | D:10     | 11850 ||| Stepping ~*~*~tactically~*~*~ (retreating).
 11914 | D:10     | 11914 ||| INVOKING Heroism.
 11950 | D:10     | 11950 ||| INVOKING Heroism.
 11960 | D:10     | 11960 ||| RETREATING.
 12035 | D:10     | 12035 ||| INVOKING Heroism.
 12136 | D:10     | Found Gozag's Platinum Reserve.
 12137 | D:10     | Found an opulent altar of Gozag.
 12166 | D:10     | 12166 ||| READING scroll of enchant armour.
 12166 | D:10     | 12166 ||| ENCHANTING +0 pair of gloves.
 12384 | D:10     | Noticed Fannar
 12396 | D:10     | Killed Fannar
 12411 | D:10     | 12411 ||| Stepping ~*~*~tactically~*~*~ (outnumbered).
 12415 | D:10     | 12415 ||| Stepping ~*~*~tactically~*~*~ (outnumbered).
 12614 | D:10     | 12614 ||| READING scroll labelled ODOJ REHASTRU.
 12989 | D:11     | 12989 ||| INVOKING Heroism.
 13228 | D:11     | 13228 ||| PLANNING D
 13253 | D:12     | 13253 ||| STAIRDANCE
 13259 | D:12     | 13259 ||| STAIRDANCE
 13320 | D:12     | Found a portal to a secret trove of treasure.
 13332 | D:12     | 13332 ||| Stepping ~*~*~tactically~*~*~ (outnumbered).
 13335 | D:12     | 13335 ||| Stepping ~*~*~tactically~*~*~ (outnumbered).
 13342 | D:12     | Found a frozen archway.
 13417 | D:12     | 13417 ||| RETREATING.
 13663 | D:12     | Found Timun's Vocational Training.
 13672 | D:12     | 13672 ||| UPGRADING to amulet of faith.
 13709 | D:12     | 13709 ||| INVOKING Heroism.
 13710 | D:12     | 13710 ||| INVOKING Finesse.
 13759 | D:12     | Found a staircase to the Orcish Mines.
 14001 | D:12     | 14001 ||| UPGRADING to amulet of faith.
 14023 | D:13     | Reached skill level 15 in Fighting
 14030 | D:13     | 14030 ||| STAIRDANCE
 14068 | D:13     | 14068 ||| INVOKING Heroism.
 14298 | D:13     | 14298 ||| Stepping ~*~*~tactically~*~*~ (outnumbered).
 14299 | D:13     | 14299 ||| Stepping ~*~*~tactically~*~*~ (outnumbered).
 14411 | D:13     | 14411 ||| Stepping ~*~*~tactically~*~*~ (retreating).
 14412 | D:13     | 14412 ||| Stepping ~*~*~tactically~*~*~ (retreating).
 14416 | D:13     | Noticed an ironbound thunderhulk
 14422 | D:13     | 14422 ||| INVOKING Heroism.
 14432 | D:13     | Killed an ironbound thunderhulk
 14457 | D:13     | Found a gate to the Vaults.
 14609 | D:13     | 14609 ||| READING scroll labelled EDIOQOGGELL.
 14610 | D:13     | 14610 ||| READING 10 scrolls of identify.
 14610 | D:13     | 14610 ||| IDENTIFYING metallic white potion
 14611 | D:13     | 14611 ||| DROPPING potion of lignification.
 14643 | D:14     | 14643 ||| INVOKING Heroism.
 14645 | D:14     | 14645 ||| STAIRDANCE
 14677 | D:14     | 14677 ||| INVOKING Heroism.
 14800 | D:14     | Noticed Kirke
 14801 | D:14     | 14801 ||| RETREATING.
 14806 | D:14     | 14806 ||| INVOKING Heroism.
 14807 | D:14     | 14807 ||| INVOKING Finesse.
 14836 | D:14     | Killed Kirke
 14837 | D:14     | Reached XP level 15. HP: 97/104 MP: 16/22
 15054 | D:14     | 15054 ||| RETREATING.
 15099 | D:14     | 15099 ||| INVOKING Heroism.
 15453 | D:14     | 15453 ||| Stepping ~*~*~tactically~*~*~ (outnumbered).
 15455 | D:14     | 15455 ||| Stepping ~*~*~tactically~*~*~ (outnumbered).
 15456 | D:14     | 15456 ||| Stepping ~*~*~tactically~*~*~ (outnumbered).
 15458 | D:14     | 15458 ||| Stepping ~*~*~tactically~*~*~ (outnumbered).
 15485 | D:15     | Entered Level 15 of the Dungeon
 15522 | D:15     | 15522 ||| INVOKING Heroism.
 15523 | D:15     | 15523 ||| INVOKING Finesse.
 15609 | D:15     | Noticed Agnes
 15610 | D:15     | 15610 ||| INVOKING Heroism.
 15611 | D:15     | 15611 ||| INVOKING Finesse.
 15614 | D:15     | Killed Agnes
 15866 | D:15     | 15866 ||| INVOKING Heroism.
 15869 | D:15     | 15869 ||| RETREATING.
 15876 | D:15     | 15876 ||| RETREATING.
 15880 | D:15     | Paralysed by something for 2 turns
 16100 | D:15     | 16100 ||| INVOKING Heroism.
 16200 | D:15     | 16200 ||| READING scroll of enchant armour.
 16200 | D:15     | 16200 ||| ENCHANTING +1 pair of gloves.
 16232 | D:15     | Found a staircase to the Depths.
 16247 | D:15     | Received a gift from Okawaru
 16265 | D:15     | 16265 ||| SWAPPING to +4 longbow.
 16284 | D:15     | 16284 ||| DROPPING +9 orcbow of flaming.
 16285 | D:15     | 16285 ||| READING 3 scrolls of enchant weapon.
 16285 | D:15     | 16285 ||| ENCHANTING +4 longbow.
 16286 | D:15     | 16286 ||| READING 2 scrolls of enchant weapon.
 16286 | D:15     | 16286 ||| ENCHANTING +5 longbow.
 16287 | D:15     | 16287 ||| READING scroll of enchant weapon.
 16287 | D:15     | 16287 ||| ENCHANTING +6 longbow.
 16306 | D:15     | 16306 ||| PLANNING ORC
 16306 | D:15     | 16306 ||| DROPPING ring of willpower.
 16318 | D:15     | 16318 ||| RETREATING.
 16320 | D:15     | 16320 ||| Stepping ~*~*~tactically~*~*~ (retreating).
 16321 | D:15     | 16321 ||| Stepping ~*~*~tactically~*~*~ (retreating).
 16322 | D:15     | 16322 ||| Stepping ~*~*~tactically~*~*~ (retreating).
 16323 | D:15     | 16323 ||| Stepping ~*~*~tactically~*~*~ (retreating).
 16324 | D:15     | 16324 ||| Stepping ~*~*~tactically~*~*~ (retreating).
 16325 | D:15     | 16325 ||| Stepping ~*~*~tactically~*~*~ (retreating).
 16326 | D:15     | 16326 ||| Stepping ~*~*~tactically~*~*~ (retreating).
 16327 | D:15     | 16327 ||| Stepping ~*~*~tactically~*~*~ (retreating).
 16328 | D:15     | 16328 ||| Stepping ~*~*~tactically~*~*~ (retreating).
 16329 | D:15     | 16329 ||| INVOKING Heroism.
 16452 | Orc:1    | Entered Level 1 of the Orcish Mines
 16460 | Orc:1    | 16460 ||| STAIRDANCE
 16524 | Orc:1    | Found Soisyich's Magic Scroll Emporium.
 16532 | Orc:1    | 16532 ||| BUYING scroll of enchant weapon (127 gold).
 16532 | Orc:1    | Bought a scroll of enchant weapon for 127 gold pieces
 16532 | Orc:1    | 16532 ||| BUYING scroll of teleportation (51 gold).
 16532 | Orc:1    | Bought a scroll of teleportation for 51 gold pieces
 16532 | Orc:1    | 16532 ||| BUYING scroll of teleportation (51 gold).
 16532 | Orc:1    | Bought a scroll of teleportation for 51 gold pieces
 16532 | Orc:1    | 16532 ||| READING scroll of enchant weapon.
 16532 | Orc:1    | 16532 ||| ENCHANTING +7 longbow.
 16753 | Orc:2    | Entered Level 2 of the Orcish Mines
 16760 | Orc:2    | 16760 ||| INVOKING Heroism.
 16990 | Orc:2    | 16990 ||| INVOKING Heroism.
 17039 | Orc:2    | Found a staircase to the Elven Halls.
 17053 | Orc:2    | 17053 ||| INVOKING Heroism.
 17054 | Orc:2    | 17054 ||| INVOKING Finesse.
 17186 | Orc:2    | 17186 ||| Stepping ~*~*~tactically~*~*~ (outnumbered).
 17188 | Orc:2    | 17188 ||| Stepping ~*~*~tactically~*~*~ (outnumbered).
 17192 | Orc:2    | 17192 ||| INVOKING Heroism.
 17230 | Orc:2    | Found Yfuep's General Store.
 17249 | Orc:2    | Found Fetrin's Distillery.
 17263 | Orc:2    | 17263 ||| BUYING potion of curing (48 gold).
 17263 | Orc:2    | Bought a potion of curing for 48 gold pieces
 17263 | Orc:2    | 17263 ||| BUYING potion of curing (48 gold).
 17263 | Orc:2    | Bought a potion of curing for 48 gold pieces
 17263 | Orc:2    | 17263 ||| BUYING potion of haste (160 gold).
 17263 | Orc:2    | Bought a potion of haste for 160 gold pieces
 17263 | Orc:2    | 17263 ||| BUYING potion of heal wounds (80 gold).
 17263 | Orc:2    | Bought a potion of heal wounds for 80 gold pieces
 17263 | Orc:2    | 17263 ||| BUYING potion of heal wounds (80 gold).
 17263 | Orc:2    | Bought a potion of heal wounds for 80 gold pieces
 17263 | Orc:2    | 17263 ||| BUYING potion of heal wounds (80 gold).
 17263 | Orc:2    | Bought a potion of heal wounds for 80 gold pieces
 17263 | Orc:2    | 17263 ||| BUYING potion of resistance (160 gold).
 17263 | Orc:2    | Bought a potion of resistance for 160 gold pieces
 17270 | Orc:2    | 17270 ||| Stepping ~*~*~tactically~*~*~ (outnumbered).
 17271 | Orc:2    | 17271 ||| Stepping ~*~*~tactically~*~*~ (outnumbered).
 17349 | Orc:1    | Reached skill level 17 in Ranged Weapons
 17349 | Orc:1    | 17349 ||| INVOKING Heroism.
 17478 | Orc:2    | Found Vanes's General Store.
 17545 | Orc:2    | 17545 ||| INVOKING Heroism.
 17546 | Orc:2    | 17546 ||| Stepping ~*~*~tactically~*~*~ (outnumbered).
 17567 | Orc:2    | 17567 ||| Stepping ~*~*~tactically~*~*~ (outnumbered).
 17592 | Orc:2    | 17592 ||| INVOKING Heroism.
 17594 | Orc:2    | 17594 ||| RETREATING.
 17597 | Orc:2    | 17597 ||| Stepping ~*~*~tactically~*~*~ (outnumbered).
 17629 | Orc:2    | 17629 ||| INVOKING Heroism.
 17630 | Orc:2    | 17630 ||| INVOKING Finesse.
 17633 | Orc:2    | Reached XP level 16. HP: 112/112 MP: 15/23
 17639 | Orc:2    | 17639 ||| Stepping ~*~*~tactically~*~*~ (outnumbered).
 17656 | Orc:2    | 17656 ||| INVOKING Heroism.
 17732 | Orc:2    | 17732 ||| INVOKING Heroism.
 17746 | Orc:2    | 17746 ||| RETREATING.
 17764 | Orc:2    | Reached skill level 18 in Ranged Weapons
 17777 | Orc:2    | Found Geqes's Antique Armour Shop.
 17777 | Orc:2    | Found Joasolam's Jewellery Boutique.
 17778 | Orc:2    | Found a one-way gate leading to the halls of Pandemonium.
 17780 | Orc:2    | 17780 ||| BUYING glowing leather armour (180 gold).
 17780 | Orc:2    | Bought a glowing leather armour for 180 gold pieces
 17782 | Orc:2    | 17782 ||| BUYING ring "Hocutt" {rF+ rC+} (507 gold).
 17782 | Orc:2    | Bought the ring "Hocutt" {rF+ rC+} for 507 gold pieces
 17782 | Orc:2    | 17782 ||| SHOPLISTING ring "Taegiw" {rF+ MP+9 Str+2 Slay+5}
                  | (989 gold, have 396).
 17989 | Orc:2    | 17989 ||| PLANNING SPIDER:1-3
 17989 | Orc:2    | 17989 ||| DROPPING +1 leather armour of cold resistance.
 17990 | Orc:2    | 17990 ||| DROPPING ring of protection from fire.
 17991 | Orc:2    | 17991 ||| UPGRADING to ring "Hocutt" {rF+ rC+}.
 18158 | Spider:1 | Entered Level 1 of the Spider Nest
 18160 | Spider:1 | 18160 ||| STAIRDANCE
 18166 | Spider:1 | 18166 ||| STAIRDANCE
 18176 | Spider:1 | 18176 ||| STAIRDANCE
 18242 | Spider:1 | 18242 ||| INVOKING Heroism.
 18244 | Spider:1 | Identified the +5 longbow of Recklessness {antimagic, rElec
                  | rC+ Will++ Str-5} (Okawaru gifted it to you on level 1 of
                  | the Spider Nest)
 18244 | Spider:1 | Received a gift from Okawaru
 18292 | Spider:1 | 18292 ||| SWAPPING to +5 longbow of Recklessness
                  | {antimagic, rElec rC+ Will++ Str-5}.
 18396 | Spider:1 | 18396 ||| INVOKING Finesse.
 18631 | Spider:1 | 18631 ||| INVOKING Finesse.
 18632 | Spider:1 | 18632 ||| INVOKING Finesse.
 18898 | Spider:1 | You are sucked into a shaft and drop 1 floor!
 18899 | Spider:2 | 18899 ||| INVOKING Finesse.
 18900 | Spider:2 | 18900 ||| RETREATING.
 18901 | Spider:2 | 18901 ||| Stepping ~*~*~tactically~*~*~ (retreating).
 18902 | Spider:2 | 18902 ||| Stepping ~*~*~tactically~*~*~ (retreating).
 18903 | Spider:2 | 18903 ||| Stepping ~*~*~tactically~*~*~ (retreating).
 18904 | Spider:2 | 18904 ||| Stepping ~*~*~tactically~*~*~ (retreating).
 18970 | Spider:2 | 18970 ||| Stepping ~*~*~tactically~*~*~ (retreating).
 18971 | Spider:2 | 18971 ||| Stepping ~*~*~tactically~*~*~ (retreating).
 18974 | Spider:2 | 18974 ||| Stepping ~*~*~tactically~*~*~ (retreating).
 18977 | Spider:2 | 18977 ||| INVOKING Heroism.
 18987 | Spider:2 | 18987 ||| Stepping ~*~*~tactically~*~*~ (retreating).
 18988 | Spider:2 | 18988 ||| Stepping ~*~*~tactically~*~*~ (retreating).
 18989 | Spider:2 | 18989 ||| Stepping ~*~*~tactically~*~*~ (retreating).
 18990 | Spider:2 | 18990 ||| Stepping ~*~*~tactically~*~*~ (retreating).
 18991 | Spider:2 | 18991 ||| Stepping ~*~*~tactically~*~*~ (retreating).
 18992 | Spider:2 | 18992 ||| Stepping ~*~*~tactically~*~*~ (outnumbered).
 18995 | Spider:2 | 18995 ||| Stepping ~*~*~tactically~*~*~ (retreating).
 18996 | Spider:2 | 18996 ||| Stepping ~*~*~tactically~*~*~ (retreating).
 18997 | Spider:2 | 18997 ||| Stepping ~*~*~tactically~*~*~ (retreating).
 19012 | Spider:2 | HP: 21/112 [boulder beetle simulacrum (10)]
 19013 | Spider:2 | 19013 ||| READING 9 scrolls of teleportation.
 19014 | Spider:2 | 19014 ||| DRINKING 5 potions of heal wounds.
 19017 | Spider:2 | 19017 ||| RETREATING.
 19018 | Spider:2 | 19018 ||| INVOKING Heroism.
 19028 | Spider:2 | Reached skill level 19 in Ranged Weapons
 19454 | Spider:1 | 19454 ||| INVOKING Finesse.
 19727 | Spider:1 | 19727 ||| Stepping ~*~*~tactically~*~*~ (outnumbered).
 19763 | Spider:1 | 19763 ||| UPGRADING to +2 helmet.
 19836 | Spider:1 | 19836 ||| UPGRADING to +2 helmet.
 19846 | Spider:1 | 19846 ||| DROPPING +0 helmet.
 19961 | Spider:1 | 19961 ||| DROPPING amulet of regeneration.
 20011 | Spider:2 | 20011 ||| INVOKING Heroism.
 20202 | Spider:2 | 20202 ||| INVOKING Finesse.
 20289 | Spider:2 | 20289 ||| Stepping ~*~*~tactically~*~*~ (retreating).
 20291 | Spider:2 | 20291 ||| Stepping ~*~*~tactically~*~*~ (retreating).
 20421 | Spider:2 | Identified the +1 ring mail of Tailici {rN+} (Okawaru
                  | gifted it to you on level 2 of the Spider Nest)
 20421 | Spider:2 | Received a gift from Okawaru
 20432 | Spider:2 | 20432 ||| INVOKING Heroism.
 20435 | Spider:2 | 20435 ||| RETREATING.
 20463 | Spider:2 | Reached skill level 20 in Ranged Weapons
 20524 | Spider:2 | 20524 ||| INVOKING Heroism.
 20567 | Spider:2 | 20567 ||| INVOKING Heroism.
 20608 | Spider:2 | 20608 ||| Stepping ~*~*~tactically~*~*~ (retreating).
 20609 | Spider:2 | 20609 ||| Stepping ~*~*~tactically~*~*~ (retreating).
 20610 | Spider:2 | 20610 ||| Stepping ~*~*~tactically~*~*~ (retreating).
 20611 | Spider:2 | 20611 ||| Stepping ~*~*~tactically~*~*~ (retreating).
 20612 | Spider:2 | 20612 ||| Stepping ~*~*~tactically~*~*~ (retreating).
 20623 | Spider:2 | 20623 ||| INVOKING Heroism.
 20716 | Spider:2 | 20716 ||| INVOKING Heroism.
 20741 | Spider:2 | 20741 ||| INVOKING Heroism.
 20770 | Spider:2 | Reached XP level 17. HP: 118/118 MP: 8/24
 20771 | Spider:2 | Identified the +0 robe of Charity {Str+3}
 20780 | Spider:2 | 20780 ||| INVOKING Heroism.
 20897 | Spider:2 | 20897 ||| DROPPING +2 pair of gloves.
 20898 | Spider:2 | 20898 ||| DROPPING +1 ring mail of Tailici {rN+}.
 20899 | Spider:2 | 20899 ||| DROPPING amulet of guardian spirit.
 20952 | Spider:3 | 20952 ||| STAIRDANCE
 20956 | Spider:3 | 20956 ||| STAIRDANCE
 20964 | Spider:3 | 20964 ||| STAIRDANCE
 20966 | Spider:2 | 20966 ||| INVOKING Heroism.
 20969 | Spider:2 | HP: 6/118 [radroach (35)]
 20970 | Spider:2 | 20970 ||| READING 8 scrolls of teleportation.
 20971 | Spider:2 | 20971 ||| DRINKING 4 potions of heal wounds.
 20972 | Spider:2 | 20972 ||| DRINKING 3 potions of heal wounds.
 21049 | Spider:2 | 21049 ||| INVOKING Heroism.
 21071 | Spider:3 | 21071 ||| STAIRDANCE
 21119 | Spider:3 | 21119 ||| STAIRDANCE
 21126 | Spider:3 | 21126 ||| STAIRDANCE
 21128 | Spider:2 | 21128 ||| INVOKING Heroism.
 21192 | Spider:3 | 21192 ||| INVOKING Heroism.
 21195 | Spider:3 | 21195 ||| Stepping ~*~*~tactically~*~*~ (outnumbered).
 21247 | Spider:3 | Identified the +10 flail "Ewos Ynk" {flame, Drain *Slow
                  | Str+10}
 21359 | Spider:3 | 21359 ||| FLEEEEING.
 21367 | Spider:3 | 21367 ||| Stepping ~*~*~tactically~*~*~ (retreating).
 21392 | Spider:3 | 21392 ||| FLEEEEING.
 21395 | Spider:3 | 21395 ||| FLEEEEING.
 21396 | Spider:3 | 21396 ||| FLEEEEING.
 21397 | Spider:3 | 21397 ||| FLEEEEING.
 21398 | Spider:3 | 21398 ||| FLEEEEING.
 21399 | Spider:3 | 21399 ||| FLEEEEING.
 21400 | Spider:3 | 21400 ||| FLEEEEING.
 21401 | Spider:3 | 21401 ||| FLEEEEING.
 21402 | Spider:3 | 21402 ||| FLEEEEING.
 21403 | Spider:3 | 21403 ||| FLEEEEING.
 21404 | Spider:3 | 21404 ||| FLEEEEING.
 21405 | Spider:3 | 21405 ||| FLEEEEING.
 21406 | Spider:3 | 21406 ||| FLEEEEING.
 21407 | Spider:3 | 21407 ||| FLEEEEING.
 21408 | Spider:3 | 21408 ||| FLEEEEING.
 21409 | Spider:3 | 21409 ||| FLEEEEING.
 21410 | Spider:3 | 21410 ||| FLEEEEING.
 21411 | Spider:3 | 21411 ||| FLEEEEING.
 21413 | Spider:3 | 21413 ||| FLEEEEING.
 21414 | Spider:3 | 21414 ||| FLEEEEING.
 21415 | Spider:3 | 21415 ||| FLEEEEING.
 21416 | Spider:3 | 21416 ||| FLEEEEING.
 21417 | Spider:3 | 21417 ||| STAIRDANCE
 21429 | Spider:3 | 21429 ||| STAIRDANCE
 21482 | Spider:3 | 21482 ||| INVOKING Heroism.
 21598 | Spider:3 | 21598 ||| RETREATING.
 21600 | Spider:3 | Reached skill level 12 in Dodging
 21807 | Spider:3 | 21807 ||| RETREATING.
 21961 | Spider:3 | 21961 ||| Stepping ~*~*~tactically~*~*~ (outnumbered).
 21966 | Spider:3 | Reached skill level 18 in Fighting
 22162 | Spider:3 | 22162 ||| PLANNING SHOALS:1-3
 22337 | Shoals:1 | Entered Level 1 of the Shoals
 22344 | Shoals:1 | 22344 ||| INVOKING Heroism.
 22565 | Shoals:1 | 22565 ||| RETREATING.
 22570 | Shoals:1 | 22570 ||| Stepping ~*~*~tactically~*~*~ (retreating).
 22571 | Shoals:1 | 22571 ||| Stepping ~*~*~tactically~*~*~ (retreating).
 22572 | Shoals:1 | 22572 ||| Stepping ~*~*~tactically~*~*~ (retreating).
 22573 | Shoals:1 | 22573 ||| Stepping ~*~*~tactically~*~*~ (retreating).
 22574 | Shoals:1 | 22574 ||| Stepping ~*~*~tactically~*~*~ (retreating).
 22575 | Shoals:1 | 22575 ||| Stepping ~*~*~tactically~*~*~ (retreating).
 22576 | Shoals:1 | 22576 ||| Stepping ~*~*~tactically~*~*~ (retreating).
 22577 | Shoals:1 | 22577 ||| Stepping ~*~*~tactically~*~*~ (retreating).
 22590 | Shoals:1 | 22590 ||| Stepping ~*~*~tactically~*~*~ (outnumbered).
 22651 | Shoals:1 | Noticed a kraken
 22670 | Shoals:1 | 22670 ||| INVOKING Heroism.
 22671 | Shoals:1 | Killed a kraken
 22719 | Shoals:1 | 22719 ||| Stepping ~*~*~tactically~*~*~ (outnumbered).
 22801 | Shoals:1 | Identified the +1 scale mail "Ofuuhet" {rF++} (Okawaru
                  | gifted it to you on level 1 of the Shoals)
 22801 | Shoals:1 | Received a gift from Okawaru
 22938 | Shoals:1 | Noticed a kraken
 22951 | Shoals:1 | Killed a kraken
 22997 | Shoals:1 | 22997 ||| RETREATING.
 23000 | Shoals:1 | 23000 ||| INVOKING Heroism.
 23031 | Shoals:1 | 23031 ||| Stepping ~*~*~tactically~*~*~ (outnumbered).
 23243 | Shoals:1 | 23243 ||| DROPPING +1 hat.
 23269 | Shoals:2 | Noticed Donald
 23270 | Shoals:2 | 23270 ||| INVOKING Heroism.
 23271 | Shoals:2 | 23271 ||| PLANNING D:1-11
 23271 | Shoals:2 | 23271 ||| INVOKING Finesse.
 23281 | Shoals:2 | Killed Donald
 23317 | Shoals:2 | 23317 ||| STAIRDANCE
 23544 | D:9      | 23544 ||| PLANNING LAIR
 23590 | Lair:3   | 23590 ||| Stepping ~*~*~tactically~*~*~ (retreating).
 23607 | Lair:3   | Killed Sonja
 23667 | Lair:5   | 23667 ||| PLANNING D:1-11
 23758 | D:11     | 23758 ||| PLANNING D
 23862 | D:15     | 23862 ||| PLANNING ORC
 24010 | Orc:2    | 24010 ||| PLANNING SPIDER:1-3
 24245 | Spider:3 | 24245 ||| PLANNING SHOALS:1-3
 24371 | Shoals:2 | 24371 ||| PLANNING D:1-11
 24371 | Shoals:2 | 24371 ||| RETREATING.
 24374 | Shoals:2 | 24374 ||| Stepping ~*~*~tactically~*~*~ (retreating).
 24375 | Shoals:2 | 24375 ||| Stepping ~*~*~tactically~*~*~ (retreating).
 24376 | Shoals:2 | 24376 ||| Stepping ~*~*~tactically~*~*~ (retreating).
 24377 | Shoals:2 | 24377 ||| Stepping ~*~*~tactically~*~*~ (retreating).
 24381 | Shoals:2 | 24381 ||| INVOKING Heroism.
 24636 | D:9      | 24636 ||| PLANNING LAIR
 24695 | Lair:5   | 24695 ||| PLANNING D:1-11
 24786 | D:11     | 24786 ||| PLANNING D
 24890 | D:15     | 24890 ||| PLANNING ORC
 25038 | Orc:2    | 25038 ||| PLANNING SHOALS:1-3
 25263 | Shoals:2 | 25263 ||| PLANNING D:1-11
 25263 | Shoals:2 | 25263 ||| INVOKING Heroism.
 25502 | D:9      | 25502 ||| PLANNING LAIR
 25561 | Lair:5   | 25561 ||| PLANNING D:1-11
 25652 | D:11     | 25652 ||| PLANNING D
 25756 | D:15     | 25756 ||| PLANNING ORC
 25904 | Orc:2    | 25904 ||| PLANNING SHOALS:1-3
 26136 | Shoals:2 | 26136 ||| INVOKING Heroism.
 26137 | Shoals:2 | 26137 ||| Stepping ~*~*~tactically~*~*~ (outnumbered).
 26139 | Shoals:2 | 26139 ||| RETREATING.
 26145 | Shoals:2 | 26145 ||| Stepping ~*~*~tactically~*~*~ (outnumbered).
 26149 | Shoals:2 | You are sucked into a shaft and drop 1 floor!
 26331 | Shoals:3 | Noticed Mlioglotl
 26332 | Shoals:3 | 26332 ||| INVOKING Heroism.
 26343 | Shoals:3 | 26343 ||| Stepping ~*~*~tactically~*~*~ (retreating).
 26344 | Shoals:3 | 26344 ||| Stepping ~*~*~tactically~*~*~ (retreating).
 26345 | Shoals:3 | 26345 ||| Stepping ~*~*~tactically~*~*~ (retreating).
 26346 | Shoals:3 | Killed Mlioglotl
 26388 | Shoals:2 | 26388 ||| PLANNING D:1-11
 26388 | Shoals:2 | 26388 ||| Stepping ~*~*~tactically~*~*~ (outnumbered).
 26389 | Shoals:2 | 26389 ||| RETREATING.
 26390 | Shoals:2 | Noticed Ilsuiw
 26391 | Shoals:2 | 26391 ||| Stepping ~*~*~tactically~*~*~ (outnumbered).
 26392 | Shoals:2 | 26392 ||| Stepping ~*~*~tactically~*~*~ (outnumbered).
 26393 | Shoals:2 | 26393 ||| Stepping ~*~*~tactically~*~*~ (outnumbered).
 26394 | Shoals:2 | 26394 ||| Stepping ~*~*~tactically~*~*~ (outnumbered).
 26395 | Shoals:2 | 26395 ||| Stepping ~*~*~tactically~*~*~ (outnumbered).
 26396 | Shoals:2 | 26396 ||| Stepping ~*~*~tactically~*~*~ (outnumbered).
 26397 | Shoals:2 | 26397 ||| INVOKING Heroism.
 26419 | Shoals:2 | HP: 24/120 [something (7)]
 26420 | Shoals:2 | 26420 ||| READING 7 scrolls of teleportation.
 26421 | Shoals:2 | 26421 ||| DRINKING 2 potions of heal wounds.
 26424 | Shoals:2 | Noticed Polyphemus
 26425 | Shoals:2 | 26425 ||| INVOKING Heroism.
 26438 | Shoals:2 | HP: 22/120 [Polyphemus (17)]
 26439 | Shoals:2 | 26439 ||| READING 6 scrolls of teleportation.
 26440 | Shoals:2 | 26440 ||| DRINKING potion of heal wounds.
 26447 | Shoals:2 | Killed Polyphemus
 26515 | Shoals:2 | 26515 ||| Stepping randomly (stuck).
 26516 | Shoals:2 | 26516 ||| Stepping randomly (stuck).
 26517 | Shoals:2 | 26517 ||| Stepping randomly (stuck).
 26518 | Shoals:2 | 26518 ||| Stepping randomly (stuck).
 26519 | Shoals:2 | 26519 ||| Stepping randomly (stuck).
 26520 | Shoals:2 | 26520 ||| Stepping randomly (stuck).
 26521 | Shoals:2 | 26521 ||| Stepping randomly (stuck).
 26522 | Shoals:2 | 26522 ||| Stepping randomly (stuck).
 26523 | Shoals:2 | 26523 ||| Stepping randomly (stuck).
 26524 | Shoals:2 | 26524 ||| Stepping randomly (stuck).
 26525 | Shoals:2 | 26525 ||| Stepping randomly (stuck).
 26526 | Shoals:2 | 26526 ||| Stepping randomly (stuck).
 26527 | Shoals:2 | 26527 ||| Stepping randomly (stuck).
 26528 | Shoals:2 | 26528 ||| Stepping randomly (stuck).
 26529 | Shoals:2 | 26529 ||| Stepping randomly (stuck).
 26530 | Shoals:2 | 26530 ||| Stepping randomly (stuck).
 26531 | Shoals:2 | 26531 ||| Stepping randomly (stuck).
 26532 | Shoals:2 | 26532 ||| Stepping randomly (stuck).
 26533 | Shoals:2 | 26533 ||| Stepping randomly (stuck).
 26534 | Shoals:2 | 26534 ||| Stepping randomly (stuck).
 26535 | Shoals:2 | 26535 ||| Stepping randomly (stuck).
 26536 | Shoals:2 | 26536 ||| Stepping randomly (stuck).
 26537 | Shoals:2 | 26537 ||| Stepping randomly (stuck).
 26538 | Shoals:2 | 26538 ||| Stepping randomly (stuck).
 26539 | Shoals:2 | 26539 ||| Stepping randomly (stuck).
 26540 | Shoals:2 | 26540 ||| Stepping randomly (stuck).
 26541 | Shoals:2 | 26541 ||| Stepping randomly (stuck).
 26542 | Shoals:2 | 26542 ||| Stepping randomly (stuck).
 26543 | Shoals:2 | 26543 ||| Stepping randomly (stuck).
 26544 | Shoals:2 | 26544 ||| Stepping randomly (stuck).
 26545 | Shoals:2 | 26545 ||| Stepping randomly (stuck).
 26546 | Shoals:2 | 26546 ||| Stepping randomly (stuck).
 26547 | Shoals:2 | 26547 ||| Stepping randomly (stuck).
 26548 | Shoals:2 | 26548 ||| Stepping randomly (stuck).
 26549 | Shoals:2 | 26549 ||| Stepping randomly (stuck).
 26550 | Shoals:2 | 26550 ||| Stepping randomly (stuck).
 26551 | Shoals:2 | 26551 ||| Stepping randomly (stuck).
 26552 | Shoals:2 | 26552 ||| Stepping randomly (stuck).
 26553 | Shoals:2 | 26553 ||| Stepping randomly (stuck).
 26554 | Shoals:2 | 26554 ||| Stepping randomly (stuck).
 26555 | Shoals:2 | 26555 ||| Stepping randomly (stuck).
 26556 | Shoals:2 | 26556 ||| Stepping randomly (stuck).
 26557 | Shoals:2 | 26557 ||| Stepping randomly (stuck).
 26558 | Shoals:2 | 26558 ||| Stepping randomly (stuck).
 26559 | Shoals:2 | 26559 ||| Stepping randomly (stuck).
 26560 | Shoals:2 | 26560 ||| Stepping randomly (stuck).
 26561 | Shoals:2 | 26561 ||| Stepping randomly (stuck).
 26562 | Shoals:2 | 26562 ||| Stepping randomly (stuck).
 26563 | Shoals:2 | 26563 ||| Stepping randomly (stuck).
 26564 | Shoals:2 | 26564 ||| Stepping randomly (stuck).
 26565 | Shoals:2 | 26565 ||| Stepping randomly (stuck).
 26566 | Shoals:2 | 26566 ||| READING 5 scrolls of teleportation.
 26574 | Shoals:2 | 26574 ||| READING 4 scrolls of teleportation.
 26589 | Shoals:2 | 26589 ||| INVOKING Heroism.
 26591 | Shoals:2 | 26591 ||| Stepping ~*~*~tactically~*~*~ (outnumbered).
 26593 | Shoals:2 | 26593 ||| Stepping ~*~*~tactically~*~*~ (retreating).
 26596 | Shoals:2 | 26596 ||| Stepping ~*~*~tactically~*~*~ (outnumbered).
 26597 | Shoals:2 | 26597 ||| Stepping ~*~*~tactically~*~*~ (retreating).
 26601 | Shoals:2 | 26601 ||| Stepping ~*~*~tactically~*~*~ (outnumbered).
 26602 | Shoals:2 | 26602 ||| Stepping ~*~*~tactically~*~*~ (outnumbered).
 26607 | Shoals:2 | 26607 ||| Stepping ~*~*~tactically~*~*~ (retreating).
 26608 | Shoals:2 | 26608 ||| Stepping ~*~*~tactically~*~*~ (retreating).
 26611 | Shoals:2 | 26611 ||| Stepping ~*~*~tactically~*~*~ (retreating).
 26612 | Shoals:2 | 26612 ||| Stepping ~*~*~tactically~*~*~ (retreating).
 26613 | Shoals:2 | 26613 ||| Stepping ~*~*~tactically~*~*~ (retreating).
 26614 | Shoals:2 | 26614 ||| Stepping ~*~*~tactically~*~*~ (retreating).
 26615 | Shoals:2 | 26615 ||| Stepping ~*~*~tactically~*~*~ (retreating).
 26616 | Shoals:2 | 26616 ||| Stepping ~*~*~tactically~*~*~ (retreating).
 26617 | Shoals:2 | 26617 ||| Stepping ~*~*~tactically~*~*~ (retreating).
 26618 | Shoals:2 | 26618 ||| Stepping ~*~*~tactically~*~*~ (retreating).
 26620 | Shoals:2 | 26620 ||| Stepping ~*~*~tactically~*~*~ (outnumbered).
 26623 | Shoals:2 | 26623 ||| Stepping ~*~*~tactically~*~*~ (retreating).
 26624 | Shoals:2 | HP: 19/122 [merfolk impaler/+2 trident of venom[Ilsuiw]
                  | (16)]
 26625 | Shoals:2 | 26625 ||| READING 3 scrolls of teleportation.
 26626 | Shoals:2 | HP: 3/122 [death yak[Polyphemus] (18)]
 26627 | Shoals:2 | HP: 1/122 [merfolk impaler/+2 trident of venom[Ilsuiw] (3)]
 26629 | Shoals:2 | Slain by a merfolk impaler

Levels and vault maps discovered:
D:1:      dpeg_arrival_arbitrary_c, layout_basic,
          wander_ebering_terrifying_dragon_lair
D:2:      layout_basic
D:3:      layout_basic, nicolae_uskayaw_en_pointe, uniq_crazy_yiuf_cottage
D:4:      layout_cave_pods
D:5:      layout_rooms, zin_treasury, lightli_church_of_beogh, uniq_edmund,
          uniq_grinder
D:6:      layout_basic, nicolae_overflow_crystal_walls, slow_altar_1,
          minmay_temple_entry_mini_moons, abandoned_shop,
          kennysheep_generic_room_2
D:7:      layout_layer_cave, minitemple, enter_bailey_2
D:8:      layout_basic, serial_shops, nicolae_shop_bloodbath_and_beyond,
          gammafunk_ghost_stat_death
D:9:      layout_roguey, kennysheep_ying_yang, lair_entry_dummy
D:10:     layout_roguey, nicolae_gozag_zags_fifth_avenue, minivault_16,
          uniq_fannar, uniq_snorg
D:11:     layout_loops_ring
D:12:     layout_irregular_city, orc_0_dummy, portal_ice_cave_entry_imps,
          enter_trove_1, st_stairs_4, nicolae_shop_vocational
D:13:     layout_basic, hellmonk_vaults_keyhole
D:14:     layout_irregular_city, serial_column_ruins, column_ruins_hut,
          column_ruins_square_small, column_ruins_columns_corner,
          column_ruins_grid_1, column_ruins_open_small,
          column_ruins_columns_straight, column_ruins_open_medium,
          column_ruins_corridor_dead_end, column_ruins_grid_1,
          minmay_misc_feat_columns, uniq_kirke
D:15:     hangedman_depths_entry_civil_slaughter, layout_irregular_city,
          minmay_misc_feat_room, chequers_serial_rivers_micro_a, uniq_agnes
Temple:   dshaligram_water_room_temple
Lair:1:   layout_chaotic_city, beast_lair_carwin_5, lemuel_fruit_fields
Lair:2:   layout_cave_pods, spider_nest_entry_funnel_web, serial_bayou_shore_a
Lair:3:   layout_regular_city, elwin_shoals_entry_stream,
          nicolae_volcano_entry_two_sided, kennysheep_catoblepas_arena,
          uniq_sonja
Lair:4:   layout_misc_corridors, grunt_megastairs_2
Lair:5:   gammafunk_lair_ancient_temple, layout_cave_pods, slime_entry_1,
          chequers_serial_rivers_small_3
Shoals:1: layout_shoals, nicolae_shoals_kraken_intersection
Shoals:2: layout_shoals, nicolae_shop_self_help, uniq_polyphemus, uniq_donald,
          uniq_ilsuiw
Shoals:3: layout_shoals, nicolae_shoals_enchanted_isle, uniq_mlioglotl
Spider:1: layout_chambers, nicolae_spider_checkerboard,
          hangedman_spider_tarantella_strand
Spider:2: nicolae_spider_jumping_over_cracks [nicolae_spider_jumping_sub_narrow,
          nicolae_spider_jumping_sub_shuffled, nicolae_spider_jumping_sub_plain,
          nicolae_spider_jumping_sub_no_exit], nicolae_spider_world_wide_web
Spider:3: layout_cave_pods, nicolae_spider_solar_radiation
Orc:1:    layout_caves, serial_shops, shop, roderic_batcave
Orc:2:    pf_orc_diabolical, layout_caves, serial_shops, nicolae_lakefront_shop,
          nicolae_orc_lost_temple

Skill      XL: |  1  2  3  4  5  6  7  8  9 10 11 12 13 14 15 16 17 |
---------------+----------------------------------------------------+-----
Ranged Weapons | 5 6 7 9 11 13 14 15 16 17 20 | 20.0
Fighting       | 3 4 6 7 8 9 10 13 16 17 19 | 19.0
Armour         | 2 3 4 5 |  5.5
Dodging        | 3 4 5 6 8 10 11 13 | 13.0
Invocations    | 3 4 7 10 | 10.0
Stealth        | |  1.1

Action                     |  1- 3 |  4- 6 |  7- 9 | 10-12 | 13-15 | 16-18 || total
---------------------------+-------+-------+-------+-------+-------+-------++-------
  Melee: Unarmed           |       |       |       |       |     9 |       ||     9
   Fire: Shortbow          |   139 |    62 |       |       |       |       ||   201
         Orcbow            |       |    87 |   248 |   405 |   952 |       ||  1692
         Longbow           |       |       |       |       |   238 |  1141 ||  1379
 Invoke: Heroism           |       |       |     1 |    17 |    41 |    29 ||    88
         Finesse           |       |       |       |       |     9 |     6 ||    15
    Use: Scroll            |     3 |     6 |     5 |     7 |    13 |     7 ||    41
         Potion            |       |     3 |     3 |     1 |     2 |     5 ||    14
 Armour: Leather armour    |    25 |    19 |       |       |       |       ||    44
         Ring mail         |       |    46 |       |       |       |       ||    46
         Robe              |       |       |    51 |   153 |   193 |   411 ||   808
         Skin              |       |       |       |       |     3 |       ||     3
  Dodge: Dodged            |    27 |    37 |    51 |   183 |   325 |   837 ||  1460
         Repelled          |       |       |       |       |    12 |     9 ||    21

Table legend:
 A = Non-vault XP
 B = Vault XP
 C = Vault XP percentage of total XP
 D = Non-vault monster count
 E = Vault monster count
 F = Vault count percentage of total count
                 A         B        C        D         E       F
            +---------+---------+-------+---------+---------+-------
      Total |  168011 |   70861 |  29.7 |     618 |     196 |  24.1
            +---------+---------+-------+---------+---------+-------
        D:1 |      44 |       1 |   2.2 |      26 |       1 |   3.7
        D:2 |      69 |       0 |   0.0 |      24 |       0 |   0.0
        D:3 |      38 |       0 |   0.0 |       9 |       0 |   0.0
        D:4 |     260 |       0 |   0.0 |      25 |       0 |   0.0
        D:5 |    1075 |     262 |  19.6 |      16 |       1 |   5.9
        D:6 |     797 |       5 |   0.6 |      11 |       1 |   8.3
        D:7 |     315 |       0 |   0.0 |       7 |       0 |   0.0
        D:8 |    1362 |       0 |   0.0 |      39 |       0 |   0.0
        D:9 |    2156 |       0 |   0.0 |      15 |       0 |   0.0
       D:10 |    2592 |    2535 |  49.4 |      14 |       3 |  17.6
       D:11 |    3913 |       0 |   0.0 |      13 |       0 |   0.0
       D:12 |    5413 |     159 |   2.9 |      21 |      13 |  38.2
       D:13 |    4376 |    2128 |  32.7 |      20 |       6 |  23.1
       D:14 |    7206 |    2085 |  22.4 |      12 |       4 |  25.0
       D:15 |   15461 |    5557 |  26.4 |      21 |       7 |  25.0
     Lair:1 |    5507 |    1318 |  19.3 |      27 |       6 |  18.2
     Lair:2 |    7077 |     758 |   9.7 |      27 |       4 |  12.9
     Lair:3 |    8549 |    6367 |  42.7 |      31 |      20 |  39.2
     Lair:4 |    7046 |       0 |   0.0 |      16 |       0 |   0.0
     Lair:5 |   16229 |    7081 |  30.4 |      43 |      19 |  30.6
   Shoals:1 |   21859 |    1612 |   6.9 |      41 |       1 |   2.4
   Shoals:2 |    4745 |    4628 |  49.4 |       9 |       4 |  30.8
   Shoals:3 |    3101 |    1779 |  36.5 |       5 |       1 |  16.7
   Spider:1 |   16587 |     265 |   1.6 |      42 |       1 |   2.3
   Spider:2 |   16055 |   15336 |  48.9 |      42 |      32 |  43.2
   Spider:3 |   10809 |    2161 |  16.7 |      31 |       3 |   8.8
      Orc:1 |    1872 |      67 |   3.5 |      11 |       9 |  45.0
      Orc:2 |    3498 |   16757 |  82.7 |      20 |      60 |  75.0
            +---------+---------+-------+---------+---------+-------
